Canadiens vs Sharks
(R1)
Created - December 11, 2021 at 00:31
Goals
|
Canadiens |
1 |
1 |
2 |
4 |
Sharks |
1 |
1 |
1 |
3 |
|
Shots
|
Canadiens |
9 |
8 |
17 |
34 |
Sharks |
8 |
14 |
10 |
32 |
|
1st period
1. Canadiens , Mika Zibanejad 3 (Dave Bolland 1) at 9:36
2. Sharks , Boone Jenner 1 (Karl Alzner 2) at 18:14
Penalties :
Phil Kessel (Mon) for Holding (Minor) at 12:48
2nd period
3. Canadiens , Chris Kreider 4 (Mika Zibanejad 4) at 3:14 (PP)
4. Sharks , Jason Spezza 1 (PK Subban 1, David Booth 1) at 7:29 (PP)
Penalties :
Milan Michalek (S.J) for Tripping (Minor) at 3:12, Chris Kreider (Mon) for High sticking (Minor) at 7:00, Greg Stewart (Mon) for Hooking (Minor) at 9:53
3rd period
5. Canadiens , Daniel Carcillo 1 (Dave Bolland 2) at 4:31
6. Sharks , Gilbert Brule 2 (Karl Alzner 3, Brandon Dubinsky 1) at 9:33 (PP)
7. Canadiens , Steve Downie 1 (Greg Stewart 4, Evgeni Malkin 3) at 13:05 (PP)
Penalties :
Brian Dumoulin (Mon) for Diving (Minor) at 8:57, Greg Stewart (Mon) for Slashing (Minor) at 10:09, Milan Michalek (S.J) for Goalie Interference (Minor) at 12:30, Chris Kreider (Mon) for Slashing (Minor) at 13:21, Brandon Dubinsky (S.J) for Tripping (Minor) at 18:33
Goalie Stats
Kristers Gudlevskis (Mon), 29 saves from 32 shots - (0.906), W, 2-1-0, 60:00 minutes
Ryan Miller (S.J), 30 saves from 34 shots - (0.882), L, 0-3-0, 60:00 minutes
Players Stats for Canadiens
Player Name G A P +/- PIM S H SB GA TA FO MP PP MP PK MP
------------------------------------------------------------------------------------
Adam Fox 0 0 0 0 0 0 0 1 0 0 0/0 0:30 0:00 0:00
Brady Skjei 0 0 0 0 0 3 5 1 0 1 0/0 28:53 1:30 2:38
Brian Dumoulin 0 0 0 1 2 1 0 0 0 1 0/0 15:51 0:33 4:05
Bryce Lampman 0 0 0 0 0 0 2 1 0 0 0/0 22:59 1:25 0:10
Chris Kreider 1 0 1 0 4 7 1 2 0 0 0/1 20:33 1:07 1:34
Daniel Carcillo 1 0 1 1 0 2 1 1 1 1 0/0 14:58 0:00 5:44
Dave Bolland 0 2 2 1 0 1 1 0 0 0 4/7 11:05 0:00 2:47
Evgeni Malkin 0 1 1 -1 0 3 1 1 0 1 16/32 19:11 0:56 0:26
Greg Stewart 0 1 1 1 4 1 0 0 1 0 0/0 15:02 0:56 0:00
Jakub Vrana 0 0 0 0 0 0 0 0 0 0 0/0 8:44 0:00 0:00
Jordan Szwarz 0 0 0 1 0 1 0 0 0 0 0/0 10:04 0:00 1:43
Mark Stuart 0 0 0 0 0 1 1 2 0 2 0/0 22:06 0:00 5:37
Mika Zibanejad 1 1 2 1 0 4 5 0 0 0 5/12 15:31 1:07 0:00
Nick Spaling 0 0 0 0 0 1 2 0 0 1 10/16 14:37 0:00 5:48
Phil Kessel 0 0 0 -1 2 2 2 1 1 0 0/1 18:52 1:07 0:00
Pierre-Marc Bouchard 0 0 0 0 0 2 0 0 0 0 0/0 8:44 0:00 0:00
Steve Downie 1 0 1 1 0 3 3 1 1 0 1/2 14:56 0:56 0:00
Travis Hamonic 0 0 0 0 0 2 1 0 0 1 0/0 28:17 0:38 5:32
Players Stats for Sharks
Player Name G A P +/- PIM S H SB GA TA FO MP PP MP PK MP
------------------------------------------------------------------------------------
Bobby Butler 0 0 0 1 0 1 0 0 1 0 0/0 10:37 0:00 0:00
Boone Jenner 1 0 1 1 0 2 2 0 0 0 5/10 10:48 0:08 0:01
Brandon Dubinsky 0 1 1 0 2 2 1 0 0 0 1/1 17:54 4:12 0:00
Brandon Kozun 0 0 0 0 0 0 1 1 0 0 0/1 7:20 0:00 0:00
Corban Knight 0 0 0 0 0 0 2 1 1 0 2/2 7:20 0:00 0:00
David Booth 0 1 1 -2 0 3 1 0 0 0 3/4 22:30 4:41 0:35
Drew Doughty 0 0 0 -1 0 4 1 1 0 0 0/0 28:47 4:58 1:16
Gilbert Brule 1 0 1 0 0 3 2 0 1 0 5/15 19:23 4:12 1:28
Jason Spezza 1 0 1 -2 0 6 2 1 2 1 17/34 23:23 4:41 1:28
Karl Alzner 0 2 2 0 0 1 4 1 0 0 0/0 20:41 4:03 0:47
Milan Michalek 0 0 0 1 4 2 3 1 0 0 0/0 10:48 0:09 0:00
Nick Palmieri 0 0 0 -2 0 4 1 1 1 0 2/3 22:22 4:49 0:17
Oskar Osala 0 0 0 0 0 1 1 0 1 0 0/0 17:52 4:11 0:00
Patrick Wey 0 0 0 0 0 0 1 0 0 0 0/0 10:32 0:00 0:00
PK Subban 0 1 1 -1 0 0 1 2 0 1 0/0 28:47 4:58 1:16
Steve Eminger 0 0 0 0 0 0 0 0 0 1 0/0 10:32 0:00 0:00
Tyler Cuma 0 0 0 0 0 2 0 0 1 1 0/0 20:41 4:03 0:47
Zach Boychuk 0 0 0 0 0 1 0 1 0 0 0/1 7:37 0:00 0:17
3 Stars
1 - Mika Zibanejad (Mon)
2 - Steve Downie (Mon)
3 - Daniel Carcillo (Mon)
Power Play
Canadiens - 2 on 3 Attempt(s) - 66.67%
Sharks - 2 on 6 Attempt(s) - 33.33%
Penalty Kill
Canadiens - 4 on 6 Attempt(s) - 66.67%
- Score 0 goal in Penalty Kill
Sharks - 1 on 3 Attempt(s) - 33.33%
- Score 0 goal in Penalty Kill
Team Stat
Canadiens - Hits : 25 - Faceoff Wins : 36 - Blocked Shots : 11 - Penalty Minutes : 12
Sharks - Hits : 23 - Faceoff Wins : 35 - Blocked Shots : 10 - Penalty Minutes : 6
Official
Referees : TJ Luxmore and Francois St. Laurent
Linesman : Brad Kovachik and Bryan Pancich
Game Notes
Adam Fox is injured at 2:11 of 1st period (Sore Right Knee)
Finance
Level 1 -- Attendance: 6000 (100.00%) -- Ticket Income $600,000
Level 2 -- Attendance: 4851 (97.02%) -- Ticket Income $291,060
Level 3 -- Attendance: 1800 (90.00%) -- Ticket Income $63,000
Level 4 -- Attendance: 3716 (92.90%) -- Ticket Income $92,900
Luxury Box -- Attendance: 934 (93.40%) -- Ticket Income $186,800
Game was played at the SAP Center.
Total Attendance: 17301 (96.12%)
Total Ticket Income: $1,233,760
Other Income: $185,064
Total Income: $1,418,824
Canadiens
5 vs 5 Forward
Center Left Wing Right Wing Time % Phy DF OF
1 Evgeni Malkin Chris Kreider Phil Kessel 40 0 2 3
2 Mika Zibanejad Greg Stewart Steve Downie 30 0 2 3
3 Dave Bolland Daniel Carcillo Jordan Szwarz 20 0 2 3
4 Nick Spaling Jakub Vrana Pierre-Marc Bouchard 10 0 2 3
5 vs 5 Defense
Defense Defense Time % Phy DF OF
1 Brady Skjei Travis Hamonic 40 0 2 3
2 Mark Stuart Bryce Lampman 30 0 2 3
3 Adam Fox Brian Dumoulin 20 0 3 2
4 Brady Skjei Travis Hamonic 10 0 0 5
PowerPlay Forward
Center Left Wing Right Wing Time % Phy DF OF
1 Mika Zibanejad Chris Kreider Phil Kessel 60 0 1 4
2 Evgeni Malkin Greg Stewart Steve Downie 40 0 1 4
PowerPlay Defense
Defense Defense Time % Phy DF OF
1 Brady Skjei Bryce Lampman 60 0 1 4
2 Adam Fox Travis Hamonic 40 0 1 4
Penalty Kill 4 Players Forward
Center Wing Time % Phy DF OF
1 Nick Spaling Daniel Carcillo 60 0 3 2
2 Dave Bolland Jordan Szwarz 40 0 3 2
Penalty Kill 4 Players Defense
Defense Defense Time % Phy DF OF
1 Mark Stuart Travis Hamonic 60 0 3 2
2 Adam Fox Brian Dumoulin 40 0 3 2
Penalty Kill - 3 Players Forward
Forward Time % Phy DF OF
1 Evgeni Malkin 60 0 4 1
2 Dave Bolland 40 0 4 1
Penalty Kill - 3 Players Defense
Defense Defense Time % Phy DF OF
1 Mark Stuart Bryce Lampman 60 0 4 1
2 Brian Dumoulin Travis Hamonic 40 0 4 1
4 vs 4 Forward
Center Wing Time % Phy DF OF
1 Evgeni Malkin Chris Kreider 60 0 2 3
2 Mika Zibanejad Phil Kessel 40 0 2 3
4 vs 4 Defense
Defense Defense Time % Phy DF OF
1 Brady Skjei Travis Hamonic 60 0 2 3
2 Bryce Lampman Mark Stuart 40 0 2 3
Last Minutes Offensive
Center Left Wing Right Wing Defense Defense
Mika Zibanejad Chris Kreider Phil Kessel Bryce Lampman Brady Skjei
Last Minutes Defensive
Center Left Wing Right Wing Defense Defense
Evgeni Malkin Daniel Carcillo Phil Kessel Travis Hamonic Mark Stuart
Goaltenders
Starting : Kristers Gudlevskis
Backup : Allen York
Extra Forwards
Normal : Evgeni Malkin, Mika Zibanejad, Chris Kreider - PP : Mika Zibanejad, Phil Kessel - PK : Daniel Carcillo
Extra Defensemen
Normal : Brady Skjei, Travis Hamonic, Bryce Lampman - PP : Brady Skjei - PK : Mark Stuart, Travis Hamonic
Penalty Shots
Evgeni Malkin, Chris Kreider, Phil Kessel, Mika Zibanejad, Greg Stewart
Scratches
Philip Larsen (Left Eye Injury)
Sharks
5 vs 5 Forward
Center Left Wing Right Wing Time % Phy DF OF
1 Jason Spezza David Booth Nick Palmieri 40 1 2 2
2 Gilbert Brule Brandon Dubinsky Oskar Osala 30 1 2 2
3 Boone Jenner Milan Michalek Bobby Butler 20 1 2 2
4 Corban Knight Zach Boychuk Brandon Kozun 10 1 2 2
5 vs 5 Defense
Defense Defense Time % Phy DF OF
1 Drew Doughty PK Subban 40 1 2 2
2 Tyler Cuma Karl Alzner 30 1 2 2
3 Steve Eminger Patrick Wey 20 1 2 2
4 Drew Doughty PK Subban 10 1 2 2
PowerPlay Forward
Center Left Wing Right Wing Time % Phy DF OF
1 Jason Spezza David Booth Nick Palmieri 60 1 2 2
2 Gilbert Brule Brandon Dubinsky Oskar Osala 40 1 2 2
PowerPlay Defense
Defense Defense Time % Phy DF OF
1 Drew Doughty PK Subban 60 1 2 2
2 Tyler Cuma Karl Alzner 40 1 2 2
Penalty Kill 4 Players Forward
Center Wing Time % Phy DF OF
1 Jason Spezza Gilbert Brule 60 1 2 2
2 Nick Palmieri David Booth 40 1 2 2
Penalty Kill 4 Players Defense
Defense Defense Time % Phy DF OF
1 Drew Doughty PK Subban 60 1 2 2
2 Tyler Cuma Karl Alzner 40 1 2 2
Penalty Kill - 3 Players Forward
Forward Time % Phy DF OF
1 Jason Spezza 60 1 2 2
2 Gilbert Brule 40 1 2 2
Penalty Kill - 3 Players Defense
Defense Defense Time % Phy DF OF
1 Drew Doughty PK Subban 60 1 2 2
2 Tyler Cuma Karl Alzner 40 1 2 2
4 vs 4 Forward
Center Wing Time % Phy DF OF
1 Jason Spezza Gilbert Brule 60 1 2 2
2 Nick Palmieri David Booth 40 1 2 2
4 vs 4 Defense
Defense Defense Time % Phy DF OF
1 Drew Doughty PK Subban 60 1 2 2
2 Tyler Cuma Karl Alzner 40 1 2 2
Last Minutes Offensive
Center Left Wing Right Wing Defense Defense
Jason Spezza David Booth Nick Palmieri Drew Doughty PK Subban
Last Minutes Defensive
Center Left Wing Right Wing Defense Defense
Jason Spezza David Booth Nick Palmieri Drew Doughty PK Subban
Goaltenders
Starting : Ryan Miller
Backup : Chet Pickard
Extra Forwards
Normal : Milan Michalek, Boone Jenner, Zach Boychuk - PP : Milan Michalek, Boone Jenner - PK : Zach Boychuk
Extra Defensemen
Normal : Steve Eminger, Patrick Wey, Tyler Cuma - PP : Steve Eminger - PK : Patrick Wey, Tyler Cuma
Penalty Shots
Jason Spezza, Gilbert Brule, Nick Palmieri, David Booth, Brandon Dubinsky
Scratches
Brayden McNabb (Healthy), Kevin Connauton (Healthy)
% Time on Ice - Canadiens
Lines # - Real PCT - Wanted PCT - Time Play
Normal Forward
1 - 36% - 40% - 17:51
2 - 29% - 30% - 14:04
3 - 17% - 20% - 8:17
4 - 18% - 10% - 8:44
Normal Defense
1 - 37% - 40% - 18:02
2 - 34% - 30% - 16:38
3 - 26% - 20% - 12:44
4 - 3% - 10% - 1:32
PP Forward
1 - 54% - 60% - 1:07
2 - 46% - 40% - 0:56
PP Defense
1 - 69% - 60% - 1:25
2 - 31% - 40% - 0:38
PK Forward
1 - 81% - 60% - 7:18
2 - 19% - 40% - 1:43
PK Defense
1 - 53% - 60% - 4:46
2 - 47% - 40% - 4:15
PK3 Forward
1 - 0% - 60%
2 - 0% - 40%
PK3 Defense
1 - 0% - 60%
2 - 0% - 40%
44 Forward
1 - 0% - 60%
2 - 0% - 40%
44 Defense
1 - 0% - 60%
2 - 0% - 40%
Last Minute Offensive - 0:00
Last Minute Defensive - 0:00
Total
Forward - 60:00
Defense - 60:00
|
% Time on Ice - Sharks
Lines # - Real PCT - Wanted PCT - Time Play
Normal Forward
1 - 35% - 40% - 17:16
2 - 28% - 30% - 13:43
3 - 22% - 20% - 10:37
4 - 15% - 10% - 7:20
Normal Defense
1 - 40% - 40% - 19:39
2 - 32% - 30% - 15:51
3 - 22% - 20% - 10:32
4 - 6% - 10% - 2:54
PP Forward
1 - 53% - 60% - 4:49
2 - 47% - 40% - 4:12
PP Defense
1 - 55% - 60% - 4:58
2 - 45% - 40% - 4:03
PK Forward
1 - 86% - 60% - 1:46
2 - 14% - 40% - 0:17
PK Defense
1 - 62% - 60% - 1:16
2 - 38% - 40% - 0:47
PK3 Forward
1 - 0% - 60%
2 - 0% - 40%
PK3 Defense
1 - 0% - 60%
2 - 0% - 40%
44 Forward
1 - 0% - 60%
2 - 0% - 40%
44 Defense
1 - 0% - 60%
2 - 0% - 40%
Last Minute Offensive - 0:00
Last Minute Defensive - 0:00
Total
Forward - 60:00
Defense - 60:00
|
Play-by-Play
1st period
0:01 of 1st period - Evgeni Malkin wins face-off versus Jason Spezza in neutral zone.
0:12 of 1st period - Wrist shot by Nick Palmieri.
0:12 of 1st period - Shot Misses the Net.
0:14 of 1st period - Wrist shot by Jason Spezza.
0:14 of 1st period - Shot Blocked by Phil Kessel.
0:16 of 1st period - Slapshot by Nick Palmieri.
0:16 of 1st period - Deflect By Jason Spezza.
0:16 of 1st period - Shot Misses the Net.
0:16 of 1st period - Puck is out of play.
0:17 of 1st period - Gilbert Brule wins face-off versus Steve Downie in Canadiens zone.
0:18 of 1st period - Snap shot by Brandon Dubinsky.
0:18 of 1st period - Stopped by Kristers Gudlevskis with a rebound.
1:23 of 1st period - Travis Hamonic is hit by Brandon Kozun and loses puck.
1:30 of 1st period - Zach Boychuk is hit by Nick Spaling and loses puck.
2:11 of 1st period - Wrist shot by Boone Jenner.
2:11 of 1st period - Shot Blocked by Adam Fox.
2:11 of 1st period - Adam Fox from Canadiens is injured at 2:11 of 1st period (Sore Right Knee).
2:12 of 1st period - Evgeni Malkin wins face-off versus Jason Spezza in Canadiens zone.
2:23 of 1st period - Slapshot by Jason Spezza.
2:23 of 1st period - Stopped by Kristers Gudlevskis without a rebound.
2:24 of 1st period - Evgeni Malkin wins face-off versus Nick Palmieri in Canadiens zone.
2:39 of 1st period - Wrist shot by Phil Kessel.
2:39 of 1st period - Shot Blocked by Nick Palmieri.
3:23 of 1st period - Slapshot by Nick Palmieri.
3:23 of 1st period - Stopped by Kristers Gudlevskis with a rebound.
3:25 of 1st period - Slapshot by Jason Spezza.
3:25 of 1st period - Stopped by Kristers Gudlevskis with a rebound.
3:27 of 1st period - Backhand shot by Nick Palmieri.
3:27 of 1st period - Stopped by Kristers Gudlevskis with a rebound.
3:29 of 1st period - Snap shot by Jason Spezza.
3:29 of 1st period - Stopped by Kristers Gudlevskis with a rebound.
3:31 of 1st period - Snap shot by Steve Eminger.
3:31 of 1st period - Shot Misses the Net.
3:39 of 1st period - Slapshot by Nick Palmieri.
3:39 of 1st period - Shot Blocked by Bryce Lampman.
3:41 of 1st period - Wrist shot by David Booth.
3:41 of 1st period - Shot Misses the Net.
4:05 of 1st period - Wrist shot by Mika Zibanejad.
4:05 of 1st period - Deflect By Nick Palmieri.
4:05 of 1st period - Shot Blocked by Jason Spezza.
4:05 of 1st period - Puck is out of play.
4:06 of 1st period - Evgeni Malkin wins face-off versus Gilbert Brule in Sharks zone.
4:07 of 1st period - Slapshot by Phil Kessel.
4:07 of 1st period - Stopped by Ryan Miller with a rebound.
4:33 of 1st period - Daniel Carcillo is hit by Drew Doughty and loses puck.
4:59 of 1st period - Icing by Karl Alzner.
5:00 of 1st period - Corban Knight wins face-off versus Nick Spaling in Sharks zone.
5:51 of 1st period - Icing by Bryce Lampman.
5:52 of 1st period - Nick Spaling wins face-off versus Gilbert Brule in Canadiens zone.
7:29 of 1st period - Slapshot by Pierre-Marc Bouchard.
7:29 of 1st period - Stopped by Ryan Miller with a rebound.
7:52 of 1st period - Gilbert Brule is hit by Nick Spaling and loses puck.
8:01 of 1st period - Wrist shot by Pierre-Marc Bouchard.
8:01 of 1st period - Stopped by Ryan Miller with a rebound.
8:03 of 1st period - Slapshot by Jakub Vrana.
8:03 of 1st period - Shot Misses the Net.
8:05 of 1st period - Slapshot by Travis Hamonic.
8:05 of 1st period - Stopped by Ryan Miller with a rebound.
8:07 of 1st period - Snap shot by Nick Spaling.
8:07 of 1st period - Stopped by Ryan Miller without a rebound.
8:08 of 1st period - Boone Jenner wins face-off versus Chris Kreider in Sharks zone.
8:35 of 1st period - Bryce Lampman is hit by PK Subban and loses puck.
9:36 of 1st period - Snap shot by Mika Zibanejad.
9:36 of 1st period - Goal by Mika Zibanejad - Canadiens : 1 - Sharks : 0.
9:37 of 1st period - David Booth wins face-off versus Evgeni Malkin in neutral zone.
9:51 of 1st period - Jason Spezza is hit by Brady Skjei and loses puck.
10:29 of 1st period - Tyler Cuma is hit by Mika Zibanejad and loses puck.
10:44 of 1st period - Snap shot by Steve Downie.
10:44 of 1st period - Stopped by Ryan Miller without a rebound.
10:45 of 1st period - Boone Jenner wins face-off versus Evgeni Malkin in Sharks zone.
10:45 of 1st period - Boone Jenner is hit by Travis Hamonic.
11:49 of 1st period - Off-side.
11:50 of 1st period - Boone Jenner wins face-off versus Mika Zibanejad in neutral zone.
11:55 of 1st period - Snap shot by Milan Michalek.
11:55 of 1st period - Stopped by Kristers Gudlevskis with a rebound.
12:46 of 1st period - Slapshot by Drew Doughty.
12:46 of 1st period - Shot Misses the Net.
12:48 of 1st period - Minor Penalty to Phil Kessel for Holding.
12:49 of 1st period - Nick Spaling wins face-off versus Jason Spezza in Canadiens zone.
13:24 of 1st period - Slapshot by Tyler Cuma.
13:24 of 1st period - Shot Misses the Net.
14:48 of 1st period - Penalty to Phil Kessel is over, Phil Kessel is back on ice.
15:03 of 1st period - Drew Doughty is hit by Steve Downie and loses puck.
15:08 of 1st period - Snap shot by Greg Stewart.
15:08 of 1st period - Stopped by Ryan Miller with a rebound.
16:10 of 1st period - Zach Boychuk is hit by Phil Kessel and loses puck.
16:35 of 1st period - Steve Downie is hit by Gilbert Brule and loses puck.
17:09 of 1st period - Icing by Corban Knight.
17:10 of 1st period - Corban Knight wins face-off versus Dave Bolland in Sharks zone.
17:10 of 1st period - Corban Knight is hit by Dave Bolland.
18:07 of 1st period - Evgeni Malkin is hit by Boone Jenner and loses puck.
18:14 of 1st period - Wrist shot by Boone Jenner.
18:14 of 1st period - Goal by Boone Jenner - Canadiens : 1 - Sharks : 1.
18:15 of 1st period - Jason Spezza wins face-off versus Dave Bolland in neutral zone.
18:26 of 1st period - Slapshot by Drew Doughty.
18:26 of 1st period - Shot Misses the Net.
19:04 of 1st period - Mika Zibanejad is hit by Oskar Osala and loses puck.
19:35 of 1st period - Snap shot by Mika Zibanejad.
19:35 of 1st period - Stopped by Ryan Miller without a rebound.
19:36 of 1st period - Jason Spezza wins face-off versus Evgeni Malkin in Sharks zone.
19:53 of 1st period - Snap shot by Chris Kreider.
19:53 of 1st period - Shot Hit the Post.
Goals for this period are 1 for Canadiens vs 1 for Sharks.
Shots for this period are 9 for Canadiens vs 8 for Sharks.
2nd period
0:01 of 2nd period - Jason Spezza wins face-off versus Evgeni Malkin in neutral zone.
0:26 of 2nd period - Brandon Dubinsky is hit by Daniel Carcillo.
0:32 of 2nd period - Wrist shot by Dave Bolland.
0:32 of 2nd period - Shot Misses the Net.
0:52 of 2nd period - Mark Stuart is hit by Karl Alzner and loses puck.
1:48 of 2nd period - Icing by Jason Spezza.
1:49 of 2nd period - Nick Spaling wins face-off versus Gilbert Brule in Sharks zone.
2:31 of 2nd period - Snap shot by Oskar Osala.
2:31 of 2nd period - Stopped by Kristers Gudlevskis with a rebound.
2:35 of 2nd period - Slapshot by Tyler Cuma.
2:35 of 2nd period - Deflect By Gilbert Brule.
2:35 of 2nd period - Stopped by Kristers Gudlevskis without a rebound.
2:36 of 2nd period - Jason Spezza wins face-off versus Evgeni Malkin in Canadiens zone.
2:39 of 2nd period - Wrist shot by Jason Spezza.
2:39 of 2nd period - Stopped by Kristers Gudlevskis with a rebound.
2:41 of 2nd period - Slapshot by Drew Doughty.
2:41 of 2nd period - Shot Blocked by Chris Kreider.
2:43 of 2nd period - Snap shot by Drew Doughty.
2:43 of 2nd period - Stopped by Kristers Gudlevskis with a rebound.
2:45 of 2nd period - Backhand shot by PK Subban.
2:45 of 2nd period - Shot Misses the Net.
2:47 of 2nd period - Wrist shot by David Booth.
2:47 of 2nd period - Stopped by Kristers Gudlevskis with a rebound.
3:10 of 2nd period - Wrist shot by Jordan Szwarz.
3:10 of 2nd period - Stopped by Ryan Miller with a rebound.
3:12 of 2nd period - Minor Penalty to Milan Michalek for Tripping.
3:13 of 2nd period - Mika Zibanejad wins face-off versus Gilbert Brule in Sharks zone.
3:14 of 2nd period - Wrist shot by Chris Kreider.
3:14 of 2nd period - Goal by Chris Kreider - Canadiens : 2 - Sharks : 1.
3:15 of 2nd period - Jason Spezza wins face-off versus Evgeni Malkin in neutral zone.
3:20 of 2nd period - Slapshot by Drew Doughty.
3:20 of 2nd period - Deflect By Chris Kreider.
3:20 of 2nd period - Stopped by Kristers Gudlevskis without a rebound.
3:21 of 2nd period - Evgeni Malkin wins face-off versus Jason Spezza in Canadiens zone.
3:28 of 2nd period - Snap shot by Chris Kreider.
3:28 of 2nd period - Deflect By Evgeni Malkin.
3:28 of 2nd period - Stopped by Ryan Miller without a rebound.
3:29 of 2nd period - Evgeni Malkin wins face-off versus Jason Spezza in Sharks zone.
3:30 of 2nd period - Wrist shot by Phil Kessel.
3:30 of 2nd period - Shot Misses the Net.
3:42 of 2nd period - Slapshot by Chris Kreider.
3:42 of 2nd period - Stopped by Ryan Miller with a rebound.
3:44 of 2nd period - Snap shot by Phil Kessel.
3:44 of 2nd period - Shot Misses the Net.
3:46 of 2nd period - Snap shot by Evgeni Malkin.
3:46 of 2nd period - Shot Misses the Net.
3:56 of 2nd period - Mika Zibanejad is hit by Brandon Dubinsky and loses puck.
4:19 of 2nd period - Snap shot by Dave Bolland.
4:19 of 2nd period - Deflect By Tyler Cuma.
4:19 of 2nd period - Shot Misses the Net.
4:19 of 2nd period - Puck is out of play.
4:20 of 2nd period - Boone Jenner wins face-off versus Dave Bolland in Sharks zone.
4:31 of 2nd period - Snap shot by Bobby Butler.
4:31 of 2nd period - Stopped by Kristers Gudlevskis without a rebound.
4:32 of 2nd period - Evgeni Malkin wins face-off versus Jason Spezza in Canadiens zone.
4:37 of 2nd period - Jason Spezza is hit by Bryce Lampman and loses puck.
4:58 of 2nd period - PK Subban is hit by Mark Stuart.
5:27 of 2nd period - Snap shot by Jordan Szwarz.
5:27 of 2nd period - Shot Blocked by Corban Knight.
5:29 of 2nd period - Slapshot by Jordan Szwarz.
5:29 of 2nd period - Shot Blocked by Brandon Kozun.
5:36 of 2nd period - Icing by Karl Alzner.
5:37 of 2nd period - Nick Spaling wins face-off versus Boone Jenner in Sharks zone.
5:52 of 2nd period - Backhand shot by Brady Skjei.
5:52 of 2nd period - Stopped by Ryan Miller without a rebound.
5:53 of 2nd period - David Booth wins face-off versus Evgeni Malkin in Sharks zone.
6:03 of 2nd period - Off-side.
6:04 of 2nd period - Evgeni Malkin wins face-off versus Jason Spezza in neutral zone.
6:17 of 2nd period - Slapshot by Drew Doughty.
6:17 of 2nd period - Shot Misses the Net.
6:34 of 2nd period - Wrist shot by Chris Kreider.
6:34 of 2nd period - Stopped by Ryan Miller without a rebound.
6:35 of 2nd period - Steve Downie wins face-off versus Gilbert Brule in Sharks zone.
6:47 of 2nd period - Icing by Mika Zibanejad.
6:48 of 2nd period - Jason Spezza wins face-off versus Mika Zibanejad in Canadiens zone.
6:53 of 2nd period - Snap shot by Nick Palmieri.
6:53 of 2nd period - Stopped by Kristers Gudlevskis with a rebound.
6:55 of 2nd period - Wrist shot by Jason Spezza.
6:55 of 2nd period - Shot Misses the Net.
6:57 of 2nd period - Slapshot by Drew Doughty.
6:57 of 2nd period - Stopped by Kristers Gudlevskis without a rebound.
6:58 of 2nd period - Evgeni Malkin wins face-off versus Jason Spezza in Canadiens zone.
7:00 of 2nd period - Minor Penalty to Chris Kreider for High sticking.
7:01 of 2nd period - Nick Spaling wins face-off versus Jason Spezza in Canadiens zone.
7:13 of 2nd period - Slapshot by Drew Doughty.
7:13 of 2nd period - Deflect By Jason Spezza.
7:13 of 2nd period - Shot Blocked by Mark Stuart.
7:13 of 2nd period - Puck is out of play.
7:14 of 2nd period - Nick Spaling wins face-off versus Jason Spezza in Canadiens zone.
7:29 of 2nd period - Snap shot by Jason Spezza.
7:29 of 2nd period - Goal by Jason Spezza - Canadiens : 2 - Sharks : 2.
7:30 of 2nd period - Jason Spezza wins face-off versus Evgeni Malkin in neutral zone.
8:07 of 2nd period - Off-side.
8:08 of 2nd period - Gilbert Brule wins face-off versus Mika Zibanejad in neutral zone.
8:19 of 2nd period - Slapshot by Tyler Cuma.
8:19 of 2nd period - Stopped by Kristers Gudlevskis with a rebound.
9:51 of 2nd period - Snap shot by Oskar Osala.
9:51 of 2nd period - Shot Blocked by Brady Skjei.
9:53 of 2nd period - Minor Penalty to Greg Stewart for Hooking.
9:54 of 2nd period - Jason Spezza wins face-off versus Nick Spaling in Canadiens zone.
11:53 of 2nd period - Penalty to Greg Stewart is over, Greg Stewart is back on ice.
12:03 of 2nd period - Tyler Cuma is hit by Mika Zibanejad and loses puck.
12:10 of 2nd period - Brandon Kozun is hit by Mika Zibanejad and loses puck.
12:22 of 2nd period - Zach Boychuk is hit by Steve Downie and loses puck.
12:37 of 2nd period - Mark Stuart is hit by Corban Knight and loses puck.
13:10 of 2nd period - Snap shot by Zach Boychuk.
13:10 of 2nd period - Stopped by Kristers Gudlevskis without a rebound.
13:11 of 2nd period - Evgeni Malkin wins face-off versus Jason Spezza in Canadiens zone.
13:11 of 2nd period - Evgeni Malkin is hit by Jason Spezza.
13:38 of 2nd period - Brandon Dubinsky is hit by Brady Skjei.
14:09 of 2nd period - Travis Hamonic is hit by Boone Jenner and loses puck.
14:26 of 2nd period - Evgeni Malkin is hit by Jason Spezza and loses puck.
14:55 of 2nd period - Patrick Wey is hit by Brady Skjei and loses puck.
15:03 of 2nd period - Icing by Steve Eminger.
15:04 of 2nd period - Boone Jenner wins face-off versus Evgeni Malkin in Sharks zone.
15:58 of 2nd period - Brian Dumoulin is hit by Milan Michalek and loses puck.
16:05 of 2nd period - Slapshot by Boone Jenner.
16:05 of 2nd period - Stopped by Kristers Gudlevskis with a rebound.
16:07 of 2nd period - Wrist shot by Milan Michalek.
16:07 of 2nd period - Shot Blocked by Steve Downie.
16:19 of 2nd period - Snap shot by Brady Skjei.
16:19 of 2nd period - Shot Blocked by Zach Boychuk.
16:21 of 2nd period - Slapshot by Brian Dumoulin.
16:21 of 2nd period - Stopped by Ryan Miller with a rebound.
16:23 of 2nd period - Slapshot by Brian Dumoulin.
16:23 of 2nd period - Shot Blocked by Karl Alzner.
17:23 of 2nd period - Bryce Lampman is hit by Milan Michalek and loses puck.
17:49 of 2nd period - Snap shot by Jason Spezza.
17:49 of 2nd period - Stopped by Kristers Gudlevskis with a rebound.
17:51 of 2nd period - Snap shot by Jason Spezza.
17:51 of 2nd period - Deflect By David Booth.
17:51 of 2nd period - Shot Misses the Net.
17:51 of 2nd period - Puck is out of play.
17:52 of 2nd period - Evgeni Malkin wins face-off versus Gilbert Brule in Canadiens zone.
18:07 of 2nd period - Snap shot by Chris Kreider.
18:07 of 2nd period - Shot Misses the Net.
18:09 of 2nd period - Slapshot by Travis Hamonic.
18:09 of 2nd period - Stopped by Ryan Miller without a rebound.
18:10 of 2nd period - Nick Palmieri wins face-off versus Mika Zibanejad in Sharks zone.
18:37 of 2nd period - Brandon Dubinsky is hit by Brady Skjei and loses puck.
19:48 of 2nd period - Steve Downie is hit by Corban Knight and loses puck.
Goals for this period are 1 for Canadiens vs 1 for Sharks.
Shots for this period are 8 for Canadiens vs 14 for Sharks.
3rd period
0:01 of 3rd period - Jason Spezza wins face-off versus Evgeni Malkin in neutral zone.
0:14 of 3rd period - Slapshot by Nick Palmieri.
0:14 of 3rd period - Shot Blocked by Chris Kreider.
0:26 of 3rd period - Oskar Osala is hit by Steve Downie.
0:33 of 3rd period - Off-side.
0:34 of 3rd period - Mika Zibanejad wins face-off versus Jason Spezza in neutral zone.
0:37 of 3rd period - Slapshot by Mark Stuart.
0:37 of 3rd period - Deflect By Tyler Cuma.
0:37 of 3rd period - Stopped by Ryan Miller without a rebound.
0:38 of 3rd period - Mika Zibanejad wins face-off versus Jason Spezza in Sharks zone.
1:45 of 3rd period - Icing by Boone Jenner.
1:46 of 3rd period - Nick Spaling wins face-off versus Brandon Kozun in Sharks zone.
2:22 of 3rd period - Wrist shot by Jason Spezza.
2:22 of 3rd period - Shot Misses the Net.
2:24 of 3rd period - Slapshot by David Booth.
2:24 of 3rd period - Stopped by Kristers Gudlevskis without a rebound.
2:25 of 3rd period - Evgeni Malkin wins face-off versus Gilbert Brule in Canadiens zone.
2:56 of 3rd period - Greg Stewart is hit by Nick Palmieri and loses puck.
3:19 of 3rd period - Wrist shot by Nick Spaling.
3:19 of 3rd period - Shot Misses the Net.
3:36 of 3rd period - Snap shot by Nick Palmieri.
3:36 of 3rd period - Deflect By David Booth.
3:36 of 3rd period - Shot Misses the Net.
3:36 of 3rd period - Puck is out of play.
3:37 of 3rd period - Brandon Dubinsky wins face-off versus Phil Kessel in Canadiens zone.
3:46 of 3rd period - Snap shot by Gilbert Brule.
3:46 of 3rd period - Shot Blocked by Evgeni Malkin.
3:48 of 3rd period - Backhand shot by Drew Doughty.
3:48 of 3rd period - Deflect By Gilbert Brule.
3:48 of 3rd period - Stopped by Kristers Gudlevskis without a rebound.
3:49 of 3rd period - Evgeni Malkin wins face-off versus Gilbert Brule in Canadiens zone.
3:49 of 3rd period - Evgeni Malkin is hit by Gilbert Brule.
4:23 of 3rd period - Off-side.
4:24 of 3rd period - Dave Bolland wins face-off versus Jason Spezza in neutral zone.
4:29 of 3rd period - Slapshot by Dave Bolland.
4:29 of 3rd period - Deflect By Patrick Wey.
4:29 of 3rd period - Stopped by Ryan Miller with a rebound.
4:31 of 3rd period - Slapshot by Daniel Carcillo.
4:31 of 3rd period - Goal by Daniel Carcillo - Canadiens : 3 - Sharks : 2.
4:32 of 3rd period - Jason Spezza wins face-off versus Evgeni Malkin in neutral zone.
4:36 of 3rd period - Off-side.
4:37 of 3rd period - Evgeni Malkin wins face-off versus Jason Spezza in neutral zone.
5:25 of 3rd period - Off-side.
5:26 of 3rd period - Gilbert Brule wins face-off versus Nick Spaling in neutral zone.
5:52 of 3rd period - Bryce Lampman is hit by Milan Michalek and loses puck.
6:12 of 3rd period - Icing by Brian Dumoulin.
6:13 of 3rd period - Mika Zibanejad wins face-off versus Zach Boychuk in Canadiens zone.
6:13 of 3rd period - Mika Zibanejad is hit by Karl Alzner.
6:39 of 3rd period - Karl Alzner is hit by Brady Skjei and loses puck.
6:44 of 3rd period - Wrist shot by Chris Kreider.
6:44 of 3rd period - Stopped by Ryan Miller with a rebound.
6:46 of 3rd period - Slapshot by Brady Skjei.
6:46 of 3rd period - Stopped by Ryan Miller without a rebound.
6:47 of 3rd period - David Booth wins face-off versus Evgeni Malkin in Sharks zone.
7:15 of 3rd period - Off-side.
7:16 of 3rd period - Gilbert Brule wins face-off versus Mika Zibanejad in neutral zone.
7:29 of 3rd period - Snap shot by Brandon Dubinsky.
7:29 of 3rd period - Stopped by Kristers Gudlevskis without a rebound.
7:30 of 3rd period - Jason Spezza wins face-off versus Evgeni Malkin in Canadiens zone.
7:57 of 3rd period - Jason Spezza is hit by Mika Zibanejad and loses puck.
8:14 of 3rd period - Slapshot by Nick Palmieri.
8:14 of 3rd period - Shot Misses the Net.
8:26 of 3rd period - Slapshot by Drew Doughty.
8:26 of 3rd period - Shot Blocked by Daniel Carcillo.
8:34 of 3rd period - Slapshot by Oskar Osala.
8:34 of 3rd period - Shot Misses the Net.
8:57 of 3rd period - Minor Penalty to Brian Dumoulin for Diving.
8:58 of 3rd period - Nick Spaling wins face-off versus Gilbert Brule in Canadiens zone.
9:07 of 3rd period - Icing by Oskar Osala.
9:08 of 3rd period - Gilbert Brule wins face-off versus Nick Spaling in Sharks zone.
9:13 of 3rd period - Snap shot by Karl Alzner.
9:13 of 3rd period - Stopped by Kristers Gudlevskis with a rebound.
9:27 of 3rd period - Snap shot by Brandon Dubinsky.
9:27 of 3rd period - Shot Blocked by Mark Stuart.
9:29 of 3rd period - Slapshot by Karl Alzner.
9:29 of 3rd period - Shot Misses the Net.
9:31 of 3rd period - Snap shot by Brandon Dubinsky.
9:31 of 3rd period - Shot Misses the Net.
9:33 of 3rd period - Slapshot by Karl Alzner.
9:33 of 3rd period - Deflect By Gilbert Brule.
9:33 of 3rd period - Goal by Gilbert Brule - Canadiens : 3 - Sharks : 3.
9:34 of 3rd period - Jason Spezza wins face-off versus Evgeni Malkin in neutral zone.
9:49 of 3rd period - Snap shot by Nick Palmieri.
9:49 of 3rd period - Stopped by Kristers Gudlevskis with a rebound.
9:51 of 3rd period - Snap shot by Drew Doughty.
9:51 of 3rd period - Shot Misses the Net.
10:01 of 3rd period - Brandon Dubinsky is hit by Mika Zibanejad and loses puck.
10:06 of 3rd period - Wrist shot by Greg Stewart.
10:06 of 3rd period - Shot Blocked by PK Subban.
10:09 of 3rd period - Minor Penalty to Greg Stewart for Slashing.
10:10 of 3rd period - Nick Spaling wins face-off versus Jason Spezza in Canadiens zone.
10:10 of 3rd period - Nick Spaling is hit by David Booth.
10:18 of 3rd period - Wrist shot by Daniel Carcillo.
10:18 of 3rd period - Shot Misses the Net.
10:26 of 3rd period - Snap shot by Daniel Carcillo.
10:26 of 3rd period - Stopped by Ryan Miller with a rebound.
12:09 of 3rd period - Penalty to Greg Stewart is over, Greg Stewart is back on ice.
12:19 of 3rd period - Snap shot by Mika Zibanejad.
12:19 of 3rd period - Stopped by Ryan Miller with a rebound.
12:21 of 3rd period - Wrist shot by Mika Zibanejad.
12:21 of 3rd period - Shot Misses the Net.
12:23 of 3rd period - Wrist shot by Steve Downie.
12:23 of 3rd period - Stopped by Ryan Miller without a rebound.
12:24 of 3rd period - Mika Zibanejad wins face-off versus Boone Jenner in Sharks zone.
12:30 of 3rd period - Minor Penalty to Milan Michalek for Goalie Interference.
12:31 of 3rd period - Jason Spezza wins face-off versus Mika Zibanejad in Sharks zone.
12:43 of 3rd period - Slapshot by Chris Kreider.
12:43 of 3rd period - Shot Blocked by PK Subban.
12:45 of 3rd period - Slapshot by Bryce Lampman.
12:45 of 3rd period - Shot Blocked by Drew Doughty.
12:47 of 3rd period - Wrist shot by Mika Zibanejad.
12:47 of 3rd period - Stopped by Ryan Miller with a rebound.
13:03 of 3rd period - Wrist shot by Greg Stewart.
13:03 of 3rd period - Shot Misses the Net.
13:05 of 3rd period - Slapshot by Steve Downie.
13:05 of 3rd period - Goal by Steve Downie - Canadiens : 4 - Sharks : 3.
13:06 of 3rd period - Evgeni Malkin wins face-off versus Jason Spezza in neutral zone.
13:11 of 3rd period - Slapshot by Brady Skjei.
13:11 of 3rd period - Deflect By Evgeni Malkin.
13:11 of 3rd period - Shot Misses the Net.
13:11 of 3rd period - Puck is out of play.
13:12 of 3rd period - Jason Spezza wins face-off versus Evgeni Malkin in Sharks zone.
13:12 of 3rd period - Jason Spezza is hit by Evgeni Malkin.
13:21 of 3rd period - Minor Penalty to Chris Kreider for Slashing.
13:22 of 3rd period - Nick Spaling wins face-off versus David Booth in Canadiens zone.
13:35 of 3rd period - Slapshot by Drew Doughty.
13:35 of 3rd period - Stopped by Kristers Gudlevskis without a rebound.
13:36 of 3rd period - Jason Spezza wins face-off versus Nick Spaling in Canadiens zone.
14:07 of 3rd period - Snap shot by Drew Doughty.
14:07 of 3rd period - Deflect By Gilbert Brule.
14:07 of 3rd period - Shot Hit the Post.
14:07 of 3rd period - Puck is out of play.
14:08 of 3rd period - Dave Bolland wins face-off versus Gilbert Brule in Canadiens zone.
14:32 of 3rd period - Jordan Szwarz is hit by Karl Alzner.
14:44 of 3rd period - Slapshot by Tyler Cuma.
14:44 of 3rd period - Stopped by Kristers Gudlevskis without a rebound.
14:45 of 3rd period - Jason Spezza wins face-off versus Nick Spaling in Canadiens zone.
15:02 of 3rd period - Wrist shot by Nick Palmieri.
15:02 of 3rd period - Deflect By David Booth.
15:02 of 3rd period - Stopped by Kristers Gudlevskis with a rebound.
15:21 of 3rd period - Penalty to Chris Kreider is over, Chris Kreider is back on ice.
16:14 of 3rd period - Steve Downie is hit by Patrick Wey and loses puck.
16:31 of 3rd period - Oskar Osala is hit by Chris Kreider and loses puck.
16:36 of 3rd period - Wrist shot by Chris Kreider.
16:36 of 3rd period - Stopped by Ryan Miller without a rebound.
16:37 of 3rd period - Evgeni Malkin wins face-off versus Boone Jenner in Sharks zone.
16:42 of 3rd period - Snap shot by Chris Kreider.
16:42 of 3rd period - Shot Misses the Net.
16:44 of 3rd period - Snap shot by Phil Kessel.
16:44 of 3rd period - Shot Blocked by Milan Michalek.
16:46 of 3rd period - Slapshot by Brian Dumoulin.
16:46 of 3rd period - Deflect By Chris Kreider.
16:46 of 3rd period - Stopped by Ryan Miller with a rebound.
16:48 of 3rd period - Snap shot by Brady Skjei.
16:48 of 3rd period - Stopped by Ryan Miller without a rebound.
16:49 of 3rd period - Dave Bolland wins face-off versus Boone Jenner in Sharks zone.
17:11 of 3rd period - Icing by Boone Jenner.
17:12 of 3rd period - Nick Palmieri wins face-off versus Evgeni Malkin in Sharks zone.
17:12 of 3rd period - Nick Palmieri is hit by Bryce Lampman.
17:28 of 3rd period - Wrist shot by Evgeni Malkin.
17:28 of 3rd period - Stopped by Ryan Miller with a rebound.
17:53 of 3rd period - Snap shot by Evgeni Malkin.
17:53 of 3rd period - Stopped by Ryan Miller with a rebound.
17:55 of 3rd period - Wrist shot by Phil Kessel.
17:55 of 3rd period - Stopped by Ryan Miller with a rebound.
17:57 of 3rd period - Slapshot by Chris Kreider.
17:57 of 3rd period - Stopped by Ryan Miller without a rebound.
17:58 of 3rd period - Dave Bolland wins face-off versus Boone Jenner in Sharks zone.
18:07 of 3rd period - Snap shot by Milan Michalek.
18:07 of 3rd period - Stopped by Kristers Gudlevskis with a rebound.
18:33 of 3rd period - Minor Penalty to Brandon Dubinsky for Tripping.
18:34 of 3rd period - Jason Spezza wins face-off versus Mika Zibanejad in Sharks zone.
18:34 of 3rd period - Jason Spezza is hit by Phil Kessel.
19:05 of 3rd period - Bryce Lampman is hit by Karl Alzner and loses puck.
Goals for this period are 2 for Canadiens vs 1 for Sharks.
Shots for this period are 17 for Canadiens vs 10 for Sharks.